 Dungeon Crawl Stone Soup version 0.29.0-10-g45618ea6d2 (webtiles) character file.

Game seed: 375816527221059

10 blackman the Trooper (level 2, 8/21 HPs)
             Began as a Demonspawn Fighter on Sept 1, 2022.
             Was a Follower of Hepliaklqana.
             Quit the game on level 1 of the Dungeon.
             The game lasted 00:00:49 (164 turns).

blackman the Trooper (Demonspawn Fighter)            Turns: 164, Time: 00:00:50

Health: 8/21       AC:  7    Str: 16    XL:     2   Next: 10%
Magic:  2/2        EV:  8    Int:  9    God:    Hepliaklqana [*.....]
Gold:   8          SH:  4    Dex: 12    Spells: 1/1 levels left

rFire   . . .      SeeInvis .   a - +0 war axe
rCold   . . .      Faith    .   c - +0 buckler
rNeg    . . .      Spirit   .   b - +0 scale mail
rPois   .          Reflect  .   e - +0 helmet
rElec   .          Harm     .   (no cloak)
rCorr   .          Rampage  .   (no gloves)
Will    .....                   (no boots)
Stlth   ..........              (no amulet)
HPRegen 0.07/turn               (no ring)
MPRegen 0.08/turn               (no ring)

@: no status effects
A: reduced essence, demonic guardian 1
a: Renounce Religion, Recall Ancestor, Ancestor Identity


You were on level 1 of the Dungeon.
You worshipped Hepliaklqana.
Hepliaklqana was aware of your devotion.
You visited 1 branch of the dungeon, and saw 1 of its levels.

You collected 8 gold pieces.

Inventory:

Hand Weapons
 a - a +0 war axe (weapon)
Armour
 b - a +0 scale mail (worn)
 c - a +0 buckler (worn)
 e - a +0 helmet (worn)
Potions
 d - a potion of might


   Skills:
 - Level 3.0 Fighting
 + Level 2.5 Axes
 - Level 2.6 Armour
 - Level 2.6 Shields


You had one spell level left.
You didn't know any spells.
Your spell library was empty.

Dungeon Overview and Level Annotations

Branches:
Dungeon (1/15)

Altars:
Hepliaklqana


Innate Abilities, Weirdness & Mutations

Your life essence is reduced to manifest your ancestor. (-10% HP)
A weak demonic guardian rushes to your aid.


Message History

The hobgoblin hits you but does no damage.
You closely miss the hobgoblin.
The hobgoblin is heavily wounded.
The hobgoblin barely misses you.
You closely miss the hobgoblin.
The hobgoblin is moderately wounded.
The hobgoblin hits you but does no damage.
The hobgoblin hits you.
* * * LOW HITPOINT WARNING * * *
You closely miss the hobgoblin.
The hobgoblin is moderately wounded.
The hobgoblin barely misses you.
You hit the hobgoblin but do no damage.
The hobgoblin is moderately wounded.
The hobgoblin hits you but does no damage.
You hit the hobgoblin.
The hobgoblin is severely wounded.
The hobgoblin hits you but does no damage.
You block the hobgoblin's attack.
You slash the hobgoblin!
You kill the hobgoblin!
You have reached level 2!
Your demonic ancestry asserts itself...
You feel the presence of a demonic guardian.
The great orb of eyes turns its gaze towards you.
The floating eye turns its gaze towards you.
The shining eye turns its gaze towards you.
An endoplasm comes into view.
There is a faded altar of an unknown god here.
You slash the endoplasm!
You kill the endoplasm!
The great orb of eyes pulsates ominously.
There is a faded altar of an unknown god here.
You cannot tell which god this altar belongs to.
Convert to them anyway?
Hepliaklqana accepts your prayer! Hepliaklqana welcomes you!
Hepliaklqana forms a fragment of your life essence into the memory of your ancestor, Centenhua!
You can now recall your ancestor.
You can now remember your ancestor's identity.
Are you sure you want to abandon this character and quit the game? (Confirm with "yes".)

............)........#
#..........#.........#
#.......##.#.†...##..##
#....##.##............#
####....##..###...###..#
##>...'..#G#...#G# .#
######..###...###...
#..............
#......@.R.....
#..............
#..###...###...
#..#G#...#G#.##
##.###...### # .....
..#.#.. #.#...# #.#.###


You could see the friendly Centenhua the ancestor, a great orb of eyes, a
shining eye, an eye of devastation and a floating eye.

Vanquished Creatures
  2 endoplasms (D:1)
  2 hobgoblins (D:1)
  2 bats (D:1)
  A frilled lizard (D:1)
  2 kobolds (D:1)
  A rat (D:1)
10 creatures vanquished.

Notes
Turn   | Place    | Note
-------+----------+-------------------------------------------
     0 | D:1      | blackman the Demonspawn Fighter began the quest for the
                  | Orb.
     0 | D:1      | Reached XP level 1. HP: 18/18 MP: 1/1
   122 | D:1      | Found a faded altar of an unknown god.
   122 | D:1      | Noticed a floating eye
   126 | D:1      | Noticed an eye of devastation
   149 | D:1      | Gained mutation: A weak demonic guardian rushes to your
                  | aid. [demonic ancestry]
   149 | D:1      | Reached XP level 2. HP: 7/24 MP: 2/2
   151 | D:1      | Noticed a great orb of eyes
   152 | D:1      | Noticed a shining eye
   163 | D:1      | Prayed at the altar of an unknown god.
   163 | D:1      | Became a worshipper of Hepliaklqana the Forgotten
   163 | D:1      | Reached * piety under Hepliaklqana
   164 | D:1      | Quit the game

Illustrated notes

Levels and vault maps discovered:
D:1:      onia_arrival_mini_spirals, layout_basic,
          hellmonk_ecumenical_altar_watching_god, nrook_uturn,
          minmay_tetromino_i4

Skill      XL: |  1 |
---------------+----+-----
Axes           | 2 |  2.5
Fighting       | |  3.0
Armour         | |  2.6
Shields        | |  2.6

Action                   || total
-------------------------++-------
Melee: War axe           ||    27
Armor: Scale mail        ||    18
Dodge: Dodged            ||    17
Block: Buckler           ||     4
